 Dungeon Sprint DCSS version 0.31-a0-662-g684573625c (webtiles) character file.

Game seed: 7193027408266118041

254 sircluck the Covert (level 6, -3/66 HPs)
             Began as a Kobold Brigand on Sept 1, 2023.
             Was a High Priest of Dithmenos.
             Slain by a deep troll (18 damage)
             ... in the Dungeon (Sprint VII: "The Pits").
             The game lasted 00:02:08 (370 turns).

sircluck the Covert (Kobold Brigand)                 Turns: 370, Time: 00:02:08

Health: -3/66      AC:  3    Str:  8    XL:     6   Next: 38%
Magic:  6/6        EV: 14    Int: 12    God:    Dithmenos [*****.]
Gold:   0          SH:  0    Dex: 19    Spells: 5/5 levels left

rFire   . . .        a - +2 dagger
rCold   . . .        (no shield)
rNeg    . . .        b - +0 robe
rPois   .            (no helmet)
rElec   .            c - +0 cloak
rCorr   .            (no gloves)
SInv    .            (no boots)
Will    .....        (no amulet) Stlth
                     (no ring)
HPRegen 0.31/turn    (no ring)
MPRegen 0.10/turn

%: no teleportation
@: berserking, wreathed by umbra, very quick
A: small, no large weapons, nightstalker 3
a: Renounce Religion, Shadow Step, Shadow Form


You were in the Dungeon.
You worshipped Dithmenos.
Dithmenos was extremely pleased with you.
You visited 1 branch

Inventory:

Hand Weapons
 a - a +2 dagger (weapon)
 g - a +1 dagger of venom
Missiles
 d - 9 poisoned darts (quivered)
 e - 3 curare-tipped darts
Armour
 b - a +0 robe (worn)
 c - a +0 cloak (worn)
Scrolls
 m - 2 scrolls of vulnerability
 n - 5 scrolls of amnesia
Potions
 f - 6 potions of curing
 h - a potion of haste
 i - 4 potions of magic
 j - a potion of berserk rage
 k - 4 potions of heal wounds
 l - 2 potions of invisibility


   Skills:
 + Level 7.0 Fighting
 + Level 8.4 Short Blades
 - Level 2.1 Throwing
 - Level 1.2 Dodging
 * Level 13.2 Stealth


You had 5 spell levels left.
You didn't know any spells.
Your spell library was empty.

Dungeon Overview and Level Annotations

Branches:
Dungeon (1/1)

Altars:
Ashenzari
Cheibriados
Dithmenos
Elyvilon
Fedhas
Gozag
Hepliaklqana
Kikubaaqudgha
Makhleb
Nemelex Xobeh
Okawaru
Qazlal
Ru
Sif Muna
Trog
Uskayaw
Vehumet
Wu Jian
Xom
Yredelemnul
Zin
The Shining One
Jiyva
Lugonu


Innate Abilities, Weirdness & Mutations

You are small and have problems with some larger weapons.
You are completely attuned to the shadows.


Message History

You hit the deep troll.
The deep troll is lightly wounded.
The deep troll misses you. The deep troll closely misses you.
The deep troll claws you.
You closely miss the deep troll.
A red film seems to cover your vision as you go berserk!
You feel yourself moving faster!
You feel mighty! The deep troll barely misses you. The deep troll claws you!
The deep troll claws you.
You hit the deep troll.
The deep troll is lightly wounded.
Your shadow hits the deep troll with a dagger.
The deep troll bites you! The deep troll barely misses you.
The deep troll misses you.
You hit the deep troll.
The deep troll is lightly wounded.
Your shadow hits the deep troll with a dagger.
You barely miss the deep troll.
The deep troll is lightly wounded.
The deep troll bites you but does no damage.
The deep troll closely misses you. The deep troll claws you.
* * * LOW HITPOINT WARNING * * *
You barely miss the deep troll.
The deep troll is lightly wounded.
You puncture the deep troll! You punch the deep troll!
The deep troll is heavily wounded.
You closely miss the deep troll.
The deep troll is heavily wounded.
The deep troll closely misses you. The deep troll claws you.
* * * LOW HITPOINT WARNING * * *
The deep troll barely misses you.
You completely miss the deep troll.
The deep troll is heavily wounded.
Your shadow barely misses the deep troll.
You puncture the deep troll!
The deep troll is heavily wounded.
You hit the deep troll but do no damage.
The deep troll is heavily wounded.
The deep troll closely misses you. The deep troll claws you!!
You die...

#.#...)))[.##.......#
#)###########.......#
#)).....# #########
#.......# #...#...#
#..###..#+#
#...#...#.+
#.......#T#
#.......'@#
###########


You could see a deep troll.

Vanquished Creatures
  A necrophage (D)
  A gnoll sergeant (D)
  An iron imp (D)
  A gnoll (D)
  An adder zombie (D)
  A bat (D)
  A giant cockroach (D)
  4 jackals (D)
  A ball python skeleton (D)
  A frilled lizard (D)
  A quokka skeleton (D)
  3 rats (D)
17 creatures vanquished.

Vanquished Creatures (collateral kills)
  Terence (D)
  5 gnolls (D)
  A hobgoblin (D)
  A quokka skeleton (D)
8 creatures vanquished.

Grand Total: 25 creatures vanquished

Notes
Turn   | Place    | Note
-------+----------+-------------------------------------------
     0 | D        | sircluck the Kobold Brigand began the quest for the Orb.
     0 | D        | Reached XP level 1. HP: 12/12 MP: 1/1
    12 | D        | Reached skill level 6 in Stealth
    35 | D        | Found a bloodstained altar of Trog.
    35 | D        | Found a shimmering blue altar of Sif Muna.
    35 | D        | Found a viscous altar of Jiyva.
    35 | D        | Found a hazy altar of Hepliaklqana.
    35 | D        | Found an opulent altar of Gozag.
    36 | D        | Found a glowing golden altar of the Shining One.
    36 | D        | Found a glowing silver altar of Zin.
    36 | D        | Found a sacrificial altar of Ru.
    36 | D        | Found a stormy altar of Qazlal.
    36 | D        | Found a blossoming altar of Fedhas.
    37 | D        | Found a basalt altar of Yredelemnul.
    37 | D        | Found an iron altar of Okawaru.
    37 | D        | Found a white marble altar of Elyvilon.
    38 | D        | Found a shimmering altar of Xom.
    38 | D        | Found a sparkling altar of Nemelex Xobeh.
    38 | D        | Found a shadowy altar of Dithmenos.
    39 | D        | Found an ornate altar of the Wu Jian Council.
    39 | D        | Found a burning altar of Makhleb.
    39 | D        | Found a snail-covered altar of Cheibriados.
    40 | D        | Found a radiant altar of Vehumet.
    40 | D        | Found a corrupted altar of Lugonu.
    41 | D        | Found a hide-covered altar of Uskayaw.
    41 | D        | Found an ancient bone altar of Kikubaaqudgha.
    41 | D        | Found a broken altar of Ashenzari.
    45 | D        | Became a worshipper of Dithmenos the Shadowed
    69 | D        | Reached * piety under Dithmenos
    70 | D        | Reached XP level 2. HP: 19/19 MP: 2/2
    70 | D        | Noticed a necrophage
    82 | D        | Reached ** piety under Dithmenos
    89 | D        | Reached skill level 7 in Stealth
   112 | D        | Killed a necrophage
   113 | D        | Reached skill level 5 in Short Blades
   113 | D        | Reached skill level 9 in Stealth
   113 | D        | Reached XP level 3. HP: 15/25 MP: 3/3
   113 | D        | Reached XP level 4. HP: 18/30 MP: 4/4
   115 | D        | Reached *** piety under Dithmenos
   233 | D        | HP: 1/30 [gnoll/+0 flail (12)]
   243 | D        | Reached skill level 5 in Fighting
   243 | D        | Reached skill level 10 in Stealth
   243 | D        | Reached XP level 5. HP: 4/35 MP: 5/5
   245 | D        | Reached **** piety under Dithmenos
   257 | D        | Noticed Terence
   264 | D        | Reached skill level 11 in Stealth
   270 | D        | Killed Terence
   270 | D        | Reached ***** piety under Dithmenos
   284 | D        | Reached skill level 12 in Stealth
   284 | D        | Reached XP level 6. HP: 31/42 MP: 6/6
   356 | D        | Reached skill level 13 in Stealth
   357 | D        | Noticed a deep troll
   370 | D        | Slain by a deep troll

Illustrated notes

Levels and vault maps discovered:
D:        pitsprint [storerooms_1, entrance_room_1, metal_vault_5, armoury_2,
          mini_pit_1, grid_room_1, main_hall_1, silver_pit, the_coven_1,
          the_vestibule_1, steel_vault_2, golden_pit, hallway_of_sentries,
          crystal_vault_2, iron_vault_3, final_vault]

Skill      XL: |  1  2  3  4  5  6 |
---------------+-------------------+-----
Short Blades   | 3 5 6 8 |  8.4
Stealth        | 6 9 10 12 13 | 13.2
Fighting       | 3 4 5 6 7 |  7.0
Throwing       | |  2.1
Dodging        | |  1.2

Action                     |  1- 3 |  4- 6 || total
---------------------------+-------+-------++-------
  Melee: Dagger            |    45 |    46 ||    91
         Punch             |       |     2 ||     2
    Use: Scroll            |     1 |     1 ||     2
         Potion            |     1 |     3 ||     4
   Stab: Sleeping          |     3 |     3 ||     6
 Armour: Robe              |    18 |    17 ||    35
  Dodge: Dodged            |    40 |    32 ||    72

Table legend: (Time is in decaauts)
 A = Elapsed time spent in this place.
 B = Non-inter-level travel time spent in this place.
 C = Inter-level travel time spent in this place.
 D = Time resting spent in this place.
 E = Time spent auto-exploring this place.
 F = Levels seen in this place.
 G = Mean time per level.
                   A        B        C        D        E       F      G
               +--------+--------+--------+--------+--------+-----+--------+
         Total |    349 |    342 |      7 |     84 |     55 |   1 |  349.0 |
       Dungeon |    349 |    342 |      7 |     84 |     55 |   1 |  349.0 |
               +--------+--------+--------+--------+--------+-----+--------+

Top non-repeatable levels by time:
       D: 349 daAuts
